Map: Lerilak Crest

Players

Citron

  • Race: Terran Terran
  • League: Gold

LilDicky - Winner!

  • Race: Terran Terran
  • League: Platinum

VOD

http://www.twitch.tv/tumescentpie

Description

Time

  • Played on: Nov. 21, 2015, 4:44 p.m.
  • Length: 8:12
Show
View Real Time Build Order
Export as new Build Order

Citron Terran 

Build Orders:  

Get SALT Encoding   

  12  0:00  SCV  
  13  0:13  SCV  
  14  0:19  Supply Depot  
  14  0:26  SCV  
  15  0:33  Refinery  
  15  0:43  Barracks  
  15  0:45  SCV  
  17  0:57  SCV  
  17  1:11  SCV  
  17  1:15  Barracks  
  18  1:31  Orbital Command  
  18  1:32  Reaper  
  19  1:37  Supply Depot  
  19  1:56  SCV  
  19  2:01  Refinery  
  20  2:04  Reaper  
  20  2:07  Reaper  
  22  2:11  SCV  
  23  2:23  SCV  
  24  2:36  Reaper  
  24  2:44  SCV  
  24  2:49  Factory  
  25  2:57  SCV  
  25  2:58  Command Center  
  26  2:59  Supply Depot  
  26  3:09  SCV  
  28  3:21  SCV  
  27  3:33  SCV  
  28  3:42  Barracks Reactor  
  28  3:44  Factory Tech Lab  
  28  3:47  SCV  
  28  3:49  Supply Depot  
  28  3:50  Starport  
  28  3:56  Engineering Bay  
  28  3:58  Barracks  
  28  3:59  SCV  
  29  4:05  Barracks Tech Lab  
  29  4:11  SCV, Orbital Command  
  29  4:14  Factory Tech Lab  
  30  4:20  Marine x2  
  30  4:24  SCV  
  33  4:35  Marine  
  33  4:36  SCV  
  33  4:38  Marine x2  
  37  4:48  SCV  
  37  4:49  Raven  
  40  4:53  Marine  
  40  4:54  Marine  
  42  5:09  Missile Turret  
  42  5:10  SCV  
  42  5:12  Marine  
  42  5:16  Marine x2  
  42  5:17  Marine  
  42  5:22  SCV  
  42  5:25  Orbital Command  
  42  5:29  Marine  
  42  5:34  SCV, Marine x2  
  41  5:46  SCV  
  36  5:58  SCV x2  
  28  6:09  Marine x2  
  28  6:10  SCV x2  
  26  6:18  Missile Turret  
  26  6:22  SCV  
  26  6:24  Marine x2  
  26  6:25  SCV  
  30  6:31  Marine  
  31  6:35  SCV, Banshee  
  33  6:40  SCV, Marine  
  33  6:47  SCV  
  36  6:52  SCV  
  33  6:59  SCV, Marine  
  28  7:04  SCV  
  28  7:06  Marine  
  27  7:11  SCV  
  25  7:16  SCV  
  24  7:23  SCV  
  24  7:29  SCV  
  22  7:30  Marine  
  22  7:35  SCV  
  20  7:41  SCV  
  20  7:47  SCV  
  20  7:52  Marine  
  20  7:53  SCV  
  22  7:59  SCV  
Show
View Real Time Build Order
Export as new Build Order

LilDicky Terran - Winner!

Build Orders: Banshee Rush 

Get SALT Encoding   

  12  0:01  SCV  
  13  0:13  SCV  
  14  0:17  Supply Depot  
  14  0:26  SCV  
  15  0:29  Refinery  
  15  0:41  SCV  
  16  0:49  Barracks  
  16  0:53  SCV  
  17  1:12  SCV  
  18  1:24  SCV  
  19  1:37  Reaper  
  19  1:39  Supply Depot  
  20  1:40  Orbital Command  
  20  1:43  Refinery  
  20  1:50  Factory  
  20  2:06  SCV  
  21  2:10  Marine  
  22  2:18  SCV  
  22  2:49  Factory Reactor  
  22  2:50  Factory Tech Lab  
  22  2:52  Starport  
  22  2:53  Marine  
  22  2:57  Hellion  
  22  3:11  Reaper  
  23  3:24  Hellion  
  25  3:29  Starport Tech Lab  
  25  3:33  SCV  
  25  3:53  SCV  
  25  3:54  Banshee, Cloaking Field  
  31  4:02  Command Center  
  31  4:03  Barracks Reactor, Hellion  
  31  4:13  Supply Depot  
  31  4:18  Engineering Bay  
  31  4:35  SCV  
  32  4:47  SCV, Banshee  
  32  4:48  Widow Mine  
  37  4:52  Missile Turret  
  37  4:56  Supply Depot  
  37  4:59  SCV  
  38  5:11  SCV  
  39  5:22  Orbital Command  
  39  5:23  SCV  
  39  5:27  Missile Turret  
  40  5:35  SCV  
  41  5:45  Banshee, Hellion x2  
  41  5:46  Marine  
  46  5:51  SCV  
  46  5:52  Orbital Command  
  46  5:59  Bunker  
  40  6:15  Hellion x2  
  41  6:19  Marine  
  41  6:22  SCV  
  41  6:24  SCV  
  44  6:28  Banshee  
  47  6:34  SCV  
  47  6:36  SCV  
  44  7:07  Marine  
  49  7:08  Hellion x2  
  49  7:11  Banshee  
  52  7:25  SCV x2  
  54  7:31  Hellion x2  
  58  7:42  Command Center  
  58  7:45  Refinery, Barracks  
  58  7:47  Refinery  
  58  7:48  SCV x2  
  60  7:52  Marine  
  60  7:56  Refinery  
  60  7:57  Factory  
  60  7:58  Factory  
  61  7:59  Refinery  
Tags
 
Add a new tag
Caveats
  • Supply blocks, unpowered buildings, or Contaminate may cause inaccurate times.
  • Supply counts are checked every 10 seconds.